 Dungeon Crawl Stone Soup version 0.18-a0-1123-gbd92598 (webtiles) character file.

2849 lysy the Destroyer (level 9, 0/45 HPs)
             Began as a Deep Elf Fire Elementalist on Jan 19, 2016.
             Was a Believer of Vehumet.
             Slain by a wolf (8 damage)
             ... led by Grum
             ... on level 8 of the Dungeon.
             The game lasted 00:43:03 (11732 turns).

lysy the Destroyer (Deep Elf Fire Elementalist)    Turns: 11732, Time: 00:43:03

Health: 0/45       AC:  4    Str:  5    XL:     9   Next: 46%
Magic:  9/18       EV: 18    Int: 21    God:    Vehumet [**....]
Gold:   289        SH:  0    Dex: 18    Spells: 5 memorised, 4 levels left

rFire  . . .     SeeInvis .     E - +2 quarterstaff (chaos)
rCold  . . .     Gourm    .     k - +1 robe
rNeg   + . .     Faith    .     (shield currently unavailable)
rPois  +         Spirit   .     (helmet restricted)
rElec  .         Dismiss  .     D - +0 cloak
rCorr  .         Reflect  .     (no gloves)
SustAt .         Harm     .     (no boots)
MR     .....     Rnd*Tele +     F - amulet of inaccuracy (curse)
Stlth  ++........               y - ring of teleportation (curse)
                                t - ring of positive energy

@: not resistant to hostile enchantments, unstealthy
A: antennae 1, poison resistance, wild magic 1
a: Renounce Religion


You were on level 8 of the Dungeon.
You worshipped Vehumet.
Vehumet was pleased with you.
You were not hungry.

You visited 2 branches of the dungeon, and saw 9 of its levels.

You collected 381 gold pieces.
You spent 92 gold pieces at shops.


Innate Abilities, Weirdness & Mutations

You have a pair of small antennae on your head.
Your system is resistant to poisons.
Your spells are a little harder to cast, but a little more powerful.


   Skills:
 + Level 8.3 Dodging
 - Level 2.4 Stealth
 - Level 5.1 Spellcasting
 + Level 9.2 Conjurations
 + Level 8.3 Fire Magic


You had 4 spell levels left.
You knew the following spells:

 Your Spells              Type           Power        Failure   Level  Hunger
c - Fireball              Conj/Fire      ######....   19%         5    #####..
x - Sticky Flame          Conj/Fire      ######..     7%          4    ####...
y - Shock                 Conj/Air       ####         5%          1    None
z - Flame Tongue          Conj/Fire      #####        2%          1    None
Z - Conjure Flame         Conj/Fire      ######..     3%          3    ##.....

Inventory:

Hand Weapons
 a - a +2 dagger of flaming
 g - a +2 quarterstaff of protection
 A - a +0 blowgun
 E - a +2 quarterstaff of chaos (weapon)
Missiles
 d - 179 stones (quivered)
 h - 34 poisoned needles
 v - 3 curare-tipped needles {=f}
 w - 2 throwing nets {=f}
Armour
 j - a +0 helmet
 k - a +1 robe (worn)
 D - a +0 cloak (worn)
Jewellery
 i - an uncursed ring of flight
 r - an uncursed amulet of faith {unknown}
 t - a ring of positive energy (left hand)
 y - a cursed ring of teleportation (right hand)
 z - an uncursed ring of ice {unknown}
 F - a cursed amulet of inaccuracy (around neck)
Wands
 c - a wand of frost (23/48)
 l - a wand of draining (8/15)
 n - a wand of digging (1/24)
 s - a wand of enslavement (12/24)
 B - a wand of digging (10/24)
Scrolls
 u - a scroll of teleportation {@r4}
 G - a scroll of amnesia {unknown}
Potions
 e - 2 potions of curing {@q1}
 f - 2 potions of might
 m - 2 potions of berserk rage {!q}
 o - a potion of brilliance
Books
 b - a book of Flames

   Spells                             Type                      Level
   a - Flame Tongue                   Conjuration/Fire             1
   b - Throw Flame                    Conjuration/Fire             2
   c - Conjure Flame                  Conjuration/Fire             3
   d - Inner Flame                    Hexes/Fire                   3
   e - Sticky Flame                   Conjuration/Fire             4
   f - Fireball                       Conjuration/Fire             5
Comestibles
 p - 5 bread rations
 q - 2 beef jerkies
 x - 5 chunks of flesh

Dungeon Overview and Level Annotations

Branches:
Dungeon (8/15)             Temple (1/1) D:5
   Lair: D:8-11

Altars:
Ashenzari
Cheibriados
Dithmenos
Elyvilon
Fedhas
Gozag
Kikubaaqudgha
Nemelex Xobeh
Okawaru
Pakellas
Qazlal
Ru
Sif Muna
Trog
Vehumet
Yredelemnul
Zin
The Shining One

Shops:
D:4 =((

Annotations:
D:6 Azzok's ghost, novice MiFi

++▒▒▒▒.▒ ..≈≈≈▒.▒ ....≈▒.▒
♣♣♣)≈▒.▒ ♣..'.▒ ♣..'.▒
♣♣♣.≈▒.▒▒▒▒▒▒▒▒▒▒▒▒▒▒▒▒▒
..h.≈▒...▒▒.▒▒.h>▒▒....▒▒▒
..≈≈≈▒.)....)..he'.......▒
''▒▒▒▒...........▒.......▒
..▒ ▒.....†.†....▒....>..▒
▒▒▒ ▒..(.).......▒.......▒
▒............▒.......▒
▒▒.(.▒▒▒▒▒▒▒▒▒▒.....▒▒
▒▒▒▒ ▒..▒+▒▒
.▒▒...>.▒▒▒▒...▒ ...▒.
................▒ ... +.
................▒


You could see 2 wolves.


Message History

The wolf burns!
The wolf closely misses you. The wolf barely misses you.
The wolf burns!
The wolf stops burning.
The wolf barely misses you. The wolf bites you.
A hippogriff comes into view.
There is a large open door here.
The wolf misses you. The wolf misses you. The wolf misses you.
The wolf misses you. The wolf barely misses you.
Aiming: Sticky Flame
Aim: a wolf The sticky flame hits the wolf.
The wolf is moderately wounded.
The wolf is covered in liquid flames!
The wolf burns!
The wolf barely misses you. The wolf bites you! The wolf barely misses you.
The wolf burns!
The wolf misses you. x2
The wolf burns!
The wolf completely misses you. The wolf bites you.
* * * LOW HITPOINT WARNING * * *
The wolf barely misses you.
The wolf burns!
You kill the wolf!
Vehumet accepts your kill. The wolf barely misses you. The wolf bites you.
* * * LOW HITPOINT WARNING * * *
The wolf bites you!
* * * LOW HITPOINT WARNING * * *
The wolf bites you!
You die...

Action                   |  1- 3 |  4- 6 |  7- 9 || total
-------------------------+-------+-------+-------++-------
Melee: Dagger            |       |    15 |       ||    15
       Quarterstaff      |       |       |    30 ||    30
Throw: Stone             |    76 |    76 |    18 ||   170
 Cast: Flame Tongue      |    57 |   127 |   240 ||   424
       Conjure Flame     |     3 |    12 |    23 ||    38
       Sticky Flame      |       |       |    21 ||    21
  Use: Scroll            |       |     9 |     5 ||    14
       Potion            |       |       |     6 ||     6
  Eat: Fruit             |     4 |       |       ||     4
       Chunk             |       |     8 |     6 ||    14
       Bread ration      |       |     1 |     1 ||     2
       Beef jerky        |       |       |     2 ||     2
       Meat ration       |       |       |     2 ||     2
       Royal jelly       |       |       |     1 ||     1

Vault maps used:
D:1:      lightli_iron_boxes
D:3:      st_stairs_8
D:4:      yredelemnul_forgotten_temple_becter, kennysheep_little_box,
          serial_shops, nicolae_shop_trees, nicolae_shop_statue_plus, shop,
          uniq_robin
D:5:      kennysheep_mini, minmay_temple_entry_grid, first_bread
D:7:      johnstein_pakellas_dig, the_bakery, uniq_duvessa,
          uniq_crazy_yiuf_cottage
D:8:      serial_shops, shop, kennysheep_generic_room_6, uniq_grum
Temple:   minmay_temple_curvy_14

Notes
Turn   | Place    | Note
--------------------------------------------------------------
     0 | D:1      | lysy the Deep Elf Fire Elementalist began the quest for the Orb.
     0 | D:1      | Reached XP level 1. HP: 10/10 MP: 6/6
   258 | D:1      | Reached XP level 2. HP: 15/15 MP: 5/8
   637 | D:1      | Reached skill level 2 in Conjurations
   843 | D:1      | Reached skill level 4 in Fire Magic
   970 | D:2      | Reached XP level 3. HP: 16/19 MP: 2/9
  1077 | D:2      | Learned a level 3 spell: Conjure Flame
  1423 | D:1      | Reached skill level 3 in Conjurations
  1724 | D:2      | Reached XP level 4. HP: 24/24 MP: 7/10
  2020 | D:2      | Learned a level 4 spell: Sticky Flame
  2827 | D:3      | Reached skill level 5 in Fire Magic
  2865 | D:3      | Reached XP level 5. HP: 28/28 MP: 2/11
  2980 | D:3      | Noticed a centaur
  2992 | D:3      | Killed a centaur
  2992 | D:3      | Reached skill level 5 in Conjurations
  3805 | D:4      | Found Gefyw's Antique Weapon Boutique.
  3805 | D:4      | Found Kakloegh's Weapon Shop.
  3847 | D:4      | Noticed Robin
  3969 | D:4      | Killed Robin
  3969 | D:4      | Reached XP level 6. HP: 20/32 MP: 1/13
  4559 | D:4      | Bought a runed quarterstaff for 92 gold pieces
  4611 | D:4      | Reached skill level 3 in Dodging
  4673 | D:4      | Found a basalt altar of Yredelemnul.
  4866 | D:4      | Found a sacrificial altar of Ru.
  4897 | D:4      | Reached skill level 4 in Spellcasting
  4904 | D:4      | Learned a level 5 spell: Fireball
  4996 | D:4      | Found Desatrast's Jewellery Shoppe.
  5176 | D:5      | Entered Level 5 of the Dungeon
  5355 | D:5      | Found a staircase to the Ecumenical Temple.
  5369 | Temple   | Entered the Ecumenical Temple
  5591 | Temple   | Became a worshipper of Vehumet
  5627 | D:5      | Reached skill level 6 in Conjurations
  5627 | D:5      | Reached XP level 7. HP: 13/36 MP: 10/16
  5978 | D:5      | Reached skill level 4 in Dodging
  5978 | D:5      | Reached skill level 5 in Spellcasting
  6199 | D:5      | HP: 3/36 [orc priest/club (6)]
  6812 | D:5      | Gained mutation: Your spells are a little harder to cast, but a little more powerful. [potion of beneficial mutation]
  6813 | D:5      | Gained mutation: Your system is resistant to poisons. [potion of beneficial mutation]
  6886 | D:5      | Found a shattered altar of Ashenzari.
  7023 | D:5      | Reached skill level 5 in Dodging
  7243 | D:6      | Reached skill level 7 in Conjurations
  7243 | D:6      | Reached XP level 8. HP: 39/41 MP: 12/17
  7370 | D:6      | Reached skill level 6 in Fire Magic
  7492 | D:6      | Reached skill level 6 in Dodging
  7798 | D:6      | Gained mutation: You have a pair of small antennae on your head. [potion of beneficial mutation]
  8018 | D:6      | Reached * piety under Vehumet
  8018 | D:6      | Offered knowledge of Shock by Vehumet.
  8033 | D:6      | Learned a level 1 spell: Shock
  8163 | D:6      | Noticed Azzok's ghost (novice MiFi)
  8386 | D:7      | Noticed Dowan
  8840 | D:7      | Noticed Crazy Yiuf
  8847 | D:7      | Killed Crazy Yiuf
  8936 | D:7      | Noticed Duvessa
  9119 | D:7      | Reached skill level 7 in Fire Magic
  9213 | D:7      | Reached skill level 8 in Conjurations
  9228 | D:7      | Reached skill level 7 in Dodging
  9405 | D:7      | Found an oddly glowing altar of Pakellas.
 10540 | D:7      | Killed Duvessa
 10540 | D:7      | Reached XP level 9. HP: 39/45 MP: 4/18
 10684 | D:7      | Killed Dowan
 11382 | D:8      | Offered knowledge of Throw Frost by Vehumet.
 11388 | D:8      | Reached skill level 8 in Dodging
 11466 | D:8      | Reached ** piety under Vehumet
 11487 | D:8      | Reached skill level 9 in Conjurations
 11487 | D:8      | Reached skill level 8 in Fire Magic
 11732 | D:8      | Slain by a wolf

Vanquished Creatures
  A spriggan (D:7)
  A wolf (D:8)
  Duvessa (D:7)
  A sky beast (D:5)
  An orc warrior (D:7)
  A necrophage (D:6)
  6 centaurs
  3 ogres
  2 big kobolds (D:7)
  2 giant frogs
  Dowan (D:7)
  A scorpion (D:7)
  2 killer bees (D:8)
  A crimson imp (D:6)
  A centaur zombie (D:5)
  A giant frog skeleton (D:5)
  2 hounds
  A jelly (D:4)
  4 orc priests
  Crazy Yiuf (D:7)
  2 iguanas (D:7)
  4 orc wizards
  5 worker ants
  A hound zombie (D:5)
  A worker ant zombie (D:6)
  Robin (D:4)
  15 gnolls
  7 adders
  2 shadow imps
  2 oozes
  2 adder skeletons
  An adder zombie (D:5)
  2 worms
  5 giant geckos
  20 orcs
  2 ball pythons
  2 giant cockroaches
  13 goblins
  10 hobgoblins
  3 jackals
  3 quokkas
  8 bats
  A giant gecko skeleton (D:6)
  A giant gecko zombie (D:5)
  9 giant newts
  16 kobolds
  2 quokka skeletons
  A quokka zombie (D:6)
  13 rats
  A spectral orc (D:4)
189 creatures vanquished.
